 Dungeon Crawl Stone Soup version 0.28-b1-25-g9875b3fc8c (webtiles) character file.

Game seed: 8459977131429014175

25 mopl the Sneak (level 3, -4/26 HPs)
             Began as an Octopode Delver on Feb 8, 2022.
             Slain by a scorpion (8 damage)
             ... on level 4 of the Dungeon.
             The game lasted 00:01:09 (109 turns).

mopl the Sneak (Octopode Delver)                     Turns: 109, Time: 00:01:10

Health: -4/26      AC:  1    Str: 11    XL:     3   Next: 6%
Magic:  3/3        EV: 13    Int: 12    God:
Gold:   0          SH:  0    Dex: 15    Spells: 2/2 levels left

rFire   . . .      SeeInvis .   a - +0 falchion
rCold   . . .      Faith    .   (no shield)
rNeg    . . .      Spirit   .   (helmet restricted)
rPois   .          Reflect  .   h - amulet of regeneration
rElec   .          Harm     .   (no ring)
rCorr   .          Rampage  .   (no ring)
Will    .....                   (no ring)
Stlth   ++++......              (no ring)
HPRegen 0.08/turn               (no ring)
MPRegen 0.08/turn               (no ring)
                                (no ring)
                                (no ring)

@: lethally poisoned (-4 -> -11)
A: almost no armour, amphibious, 8 rings, camouflage 1, gelatinous body 1,
(nimble swimmer 1), tentacles
a: no special abilities


You were on level 4 of the Dungeon.
You visited 1 branch of the dungeon, and saw 2 of its levels.

Inventory:

Hand Weapons
 a - a +0 falchion (weapon)
Jewellery
 h - an amulet of regeneration (around mantle)
Wands
 f - a wand of digging (3)
Scrolls
 b - a scroll of fog
 c - a scroll of magic mapping
 d - a scroll of fear
Potions
 e - a potion of haste
 g - a potion of lignification {unknown}


   Skills:
 + Level 3.2 Fighting
 * Level 2.6 Long Blades
 + Level 2.3 Dodging
 + Level 6.8 Stealth


You had 2 spell levels left.
You didn't know any spells.
Your spell library was empty.

Dungeon Overview and Level Annotations

Branches:
Dungeon (5/15)
 Temple: D:4-7

Altars:


Innate Abilities, Weirdness & Mutations

You cannot wear most types of armour.
You are amphibious.
You can wear up to eight rings at the same time.
Your skin changes colour to match your surroundings (Stealth+).
Your rubbery body absorbs attacks. (AC +1, EV +1)
((You are camouflaged when in or above water. (Stealth+)))
You have tentacles for arms and can constrict up to eight enemies at once.


Message History

You continue putting on your amulet of regeneration.
The adder closely misses you.
You finish putting on your amulet of regeneration.
The amulet cannot attune itself to your injured body.
h - an amulet of regeneration (around mantle)
The adder misses you. The adder barely misses you. The adder misses you.
Found an escape hatch in the ceiling.
Found a dagger.
The adder completely misses you.
A scorpion comes into view.
Found a stone staircase leading up.
The adder barely misses you. The scorpion stings you.
There is a stone staircase leading up here.
The scorpion barely misses you. The adder bites you.
You are poisoned.
The adder poisons you! The scorpion misses you.
You climb upwards.
You feel sick.
There is a stone staircase leading down here.
Unknown command.
You hit the scorpion. Your grab misses the scorpion.
You squeeze the scorpion, but do no damage.
The scorpion is lightly wounded.
You feel sick. The scorpion stings you!
You are lethally poisoned!
The scorpion poisons you!
You hit the scorpion but do no damage. Your grab misses the scorpion.
The scorpion is lightly wounded.
* * * LOW HITPOINT WARNING * * *
You feel very sick. The scorpion closely misses you.
You hit the scorpion but do no damage. Your grab misses the scorpion.
You squeeze the scorpion.
The scorpion is heavily wounded.
* * * LOW HITPOINT WARNING * * *
You feel very sick. The scorpion misses you. The scorpion stings you!
You die... #.############ #.....@s...... ##############

You could see a scorpion.

Vanquished Creatures
  A scorpion zombie (D:5)
1 creature vanquished.

Notes
Turn   | Place    | Note
-------+----------+-------------------------------------------
     0 | D:5      | mopl the Octopode Delver began the quest for the Orb.
     0 | D:5      | Reached XP level 1. HP: 16/16 MP: 1/1
    31 | D:5      | Reached XP level 2. HP: 19/21 MP: 2/2
    31 | D:5      | Reached XP level 3. HP: 23/26 MP: 3/3
    36 | D:5      | Noticed an ice beast
    37 | D:5      | Noticed a scorpion
    41 | D:5      | Noticed a water moccasin
    48 | D:5      | Noticed an ogre
    98 | D:5      | Noticed a scorpion
   109 | D:4      | Slain by a scorpion

Illustrated notes

Levels and vault maps discovered:
D:4:      wad_lake_hut, layout_loops_ring, nicolae_ru_great_annihilating_truth,
          uniq_sigmund, uniq_grinder
D:5:      minmay_general_purpose_star, layout_loops_ring, temple_pool_b,
          serial_glass, glass_columns_a, glass_columns_b, glass_columns_b,
          glass_columns_a, glass_columns_a, glass_columns_c, glass_columns_b,
          glass_columns_a, glass_columns_a, glass_columns_a, glass_columns_a,
          glass_columns_b, glass_columns_b, glass_columns_b, item_on_display_a,
          item_on_display_a, item_on_display_a, nrook_uturn

Action                   || total
-------------------------++-------
Melee: Falchion          ||    11
       Tentacles         ||     5
       Constrict         ||     1
Armor: Skin              ||     3
Dodge: Dodged            ||    21
